 Dungeon Crawl Stone Soup version 0.29.1-15-g9cfb28693d (webtiles) character file.

Game seed: 10675549986873370057

1063 Madmarshman the Cleaver (level 8, -5/105 HPs)
             Began as a Minotaur Berserker on Apr 3, 2023.
             Was a Priest of Trog.
             Slain by Duvessa
             ... wielding a +2 rapier of speed
              (6 damage)
             ... on level 5 of the Dungeon.
             The game lasted 00:34:42 (4645 turns).

Madmarshman the Cleaver (Minotaur Berserker)        Turns: 4645, Time: 00:34:43

Health: -5/105     AC: 12    Str: 24    XL:     8   Next: 6%
Magic:  7/7        EV: 12    Int:  4    God:    Trog [***...]
Gold:   245        SH:  0    Dex: 16    Spells: 7/7 levels left

rFire   . . .      SeeInvis .   v - +0 war axe
rCold   . . .      Faith    .   (no shield)
rNeg    . . .      Spirit   .   y - +0 scale mail
rPois   .          Reflect  .   (helmet restricted)
rElec   .          Harm     .   u - +0 cloak
rCorr   .          Rampage  .   (no gloves)
Will    +....                   j - +2 pair of boots
Stlth   ..........              (no amulet)
HPRegen 0.27/turn               k - ring of willpower
MPRegen 0.10/turn               q - +6 ring of dexterity

@: berserking, very quick
A: horns 2, retaliatory headbutt
a: Renounce Religion, Berserk, Trog's Hand


You were on level 5 of the Dungeon.
You worshipped Trog.
Trog was most pleased with you.
You visited 1 branch of the dungeon, and saw 5 of its levels.

You collected 269 gold pieces.
You spent 24 gold pieces at shops.

Inventory:

Hand Weapons
 a - a +0 hand axe
 i - a +0 longbow
 m - a +0 mace
 v - a +0 war axe (weapon)
 F - a +1 dagger of speed
Missiles
 c - 43 stones (quivered)
 s - 2 javelins
 t - 11 poisoned darts
 E - 3 boomerangs
Armour
 b - a +0 animal skin
 f - a +0 ring mail
 j - a +2 pair of boots (worn)
 u - a +0 cloak (worn)
 y - a +0 scale mail (worn)
 B - a +0 pair of boots
Magical Staves
 p - a staff of cold
 A - a staff of poison
Jewellery
 k - a ring of willpower (left hand)
 n - a ring of resist corrosion
 q - a +6 ring of dexterity (right hand)
Wands
 w - a wand of paralysis (3)
Scrolls
 e - 5 scrolls of teleportation
 g - a scroll of torment
 h - 2 scrolls of enchant weapon
 r - 2 scrolls of fear
 x - a scroll of magic mapping
 D - a scroll of summoning
Potions
 d - a potion of invisibility
 l - 3 potions of curing
 o - a potion of resistance {unknown}


   Skills:
 + Level 6.1 Fighting
 * Level 8.1 Axes
 + Level 5.5 Armour
 + Level 5.0 Dodging


You had 7 spell levels left.
You didn't know any spells.
Your spell library contained the following spells:

 Spells                   Type           Power      Damage    Failure   Level
 Inner Flame              Hex/Fire       0%         N/A       98%         3
 Cause Fear               Hex            0%         N/A       100%        4
 Discord                  Hex            0%         N/A       100%        8


Dungeon Overview and Level Annotations

Branches:
Dungeon (5/15)             Temple (0/1) D:4

Altars:
Ashenzari
Kikubaaqudgha
Sif Muna
Trog
Zin
The Shining One

Shops:
D:3 *

Annotations:
D:5 Duvessa


Innate Abilities, Weirdness & Mutations

You have a pair of horns on your head.
You reflexively headbutt those who attack you in melee.


Message History

Duvessa is severely wounded.
Duvessa hits you with a +2 rapier of speed.
Duvessa completely misses you.
You closely miss Duvessa. You headbutt Duvessa, but do no damage.
Duvessa is severely wounded.
Duvessa hits you with a +2 rapier of speed.
Duvessa hits you with a +2 rapier of speed!
You hit Duvessa but do no damage.
Duvessa is severely wounded.
Duvessa hits you but does no damage.
A red film seems to cover your vision as you go berserk!
You feel yourself moving faster!
You feel mighty! Duvessa says, "Did you see that move?
Perfect!"
Duvessa hits you with a +2 rapier of speed.
Dowan casts a spell at you. The puff of frost hits you!
* * * LOW HITPOINT WARNING * * *
Duvessa closely misses you.
You barely miss Dowan. You headbutt Dowan!
Dowan is moderately wounded.
You hit Duvessa but do no damage. Duvessa closely misses you.
You closely miss Dowan.
Dowan is moderately wounded.
You hit Duvessa but do no damage. Dowan barely misses you.
Duvessa hits you but does no damage.
You slash Dowan!
Dowan is severely wounded.
You barely miss Duvessa. Dowan closely misses you.
Duvessa hits you with a +2 rapier of speed!
* * * LOW HITPOINT WARNING * * *
You slice Dowan!!
You kill Dowan!
Trog accepts your kill.
Trog appreciates your killing of a magic user.
Duvessa screams in rage.
Duvessa goes berserk!
You slash Duvessa!
Duvessa hits you with a +2 rapier of speed!
* * * LOW HITPOINT WARNING * * *
Duvessa hits you with a +2 rapier of speed.
You die...

###..#......
####...........
###..#..##...........
##.... ...#...........
#....###.##...........
###..##...#............
##.#...##..#............
###..........#............
.##......#.....)@.........
..#.........#...e.........
..#...##...##............#
.....###................##
.....###.#.#.........:..#
##.......####...........#
###......## ##......#..##
.##.......# #..#..##...
.........### ##


You could see Duvessa (berserk).

Vanquished Creatures
  Menkaure (D:5)
  A water moccasin (D:5)
  A black bear (D:3)
  Blork the orc (D:4)
  A necrophage (D:4)
  A scorpion (D:4)
  Dowan (D:5)
  A howler monkey (D:5)
  A hound (D:5)
  7 orc priests
  2 iguanas
  3 orc wizards
  7 adders
  A white imp (D:5)
  A worm (D:4)
  A dart slug (D:3)
  16 orcs
  10 bats
  5 endoplasms
  3 giant cockroaches (D:1)
  7 goblins
  10 hobgoblins
  9 kobolds
  3 quokkas
  2 ball pythons
  3 frilled lizards (D:1)
  4 rats
103 creatures vanquished.

Notes
Turn   | Place    | Note
-------+----------+-------------------------------------------
     0 | D:1      | Madmarshman the Minotaur Berserker began the quest for the
                  | Orb.
     0 | D:1      | Reached XP level 1. HP: 19/19 MP: 0/0
   170 | D:1      | Reached XP level 2. HP: 24/27 MP: 1/1
   304 | D:1      | Reached skill level 4 in Axes
   609 | D:1      | Reached XP level 3. HP: 27/33 MP: 2/2
   678 | D:1      | Reached ** piety under Trog
  1694 | D:3      | Reached XP level 4. HP: 27/40 MP: 3/3
  1812 | D:3      | Found a faded altar of an unknown god.
  1837 | D:3      | Found a shimmering blue altar of Sif Muna.
  1875 | D:3      | Noticed a black bear
  1885 | D:3      | Killed a black bear
  1886 | D:3      | Reached skill level 5 in Axes
  1886 | D:3      | Reached XP level 5. HP: 37/47 MP: 4/4
  2146 | D:3      | Found Nalabum's General Store.
  2240 | D:3      | Found a bloodstained altar of Trog.
  2241 | D:3      | Found a glowing silver altar of Zin.
  2241 | D:3      | Found a glowing golden altar of the Shining One.
  2251 | D:3      | Found a broken altar of Ashenzari.
  2317 | D:3      | Bought a scroll of identify for 24 gold pieces
  2662 | D:4      | Reached XP level 6. HP: 38/55 MP: 5/5
  2671 | D:4      | Reached skill level 6 in Axes
  2907 | D:4      | Found an ancient bone altar of Kikubaaqudgha.
  3005 | D:4      | Noticed Blork the orc
  3017 | D:4      | Reached skill level 5 in Fighting
  3026 | D:4      | HP: 2/84 [Blork the orc/+0 glaive (7)]
  3027 | D:4      | Killed Blork the orc
  3424 | D:4      | Found a staircase to the Ecumenical Temple.
  3445 | D:4      | Reached XP level 7. HP: 48/56 MP: 6/6
  3728 | D:4      | Reached skill level 7 in Axes
  3911 | D:5      | Entered Level 5 of the Dungeon
  3943 | D:5      | Reached *** piety under Trog
  3985 | D:5      | Reached skill level 5 in Armour
  4069 | D:5      | Noticed Menkaure
  4433 | D:5      | Killed Menkaure
  4434 | D:5      | Reached skill level 8 in Axes
  4434 | D:5      | Reached skill level 5 in Dodging
  4434 | D:5      | Reached XP level 8. HP: 70/70 MP: 7/7
  4621 | D:5      | Identified the +5 scale mail of the Komodo Dragon {rCorr}
  4621 | D:5      | Noticed Duvessa
  4624 | D:5      | Noticed Dowan
  4645 | D:5      | Killed Dowan
  4645 | D:5      | HP: 1/105 [Duvessa/+2 rapier of speed (13)]
  4645 | D:5      | Slain by Duvessa

Illustrated notes

Levels and vault maps discovered:
D:1:      erik_arrival_triangle_small, layout_rooms, minmay_hexomino_u4
D:2:      layout_basic
D:3:      layout_loops_ring, mainiacjoe_overflow_cross_hatched,
          grunt_temple_overflow_open, shapermc_ecumenical_altar_mp_urbaneastern,
          serial_shops, nicolae_shop_stone
D:4:      layout_rooms, lemuel_zombie_altar_kikubaaqudgha,
          minmay_temple_entry_glass, minmay_joined_circles, uniq_blork_the_orc
D:5:      wander_river, layout_cave_pools, marbit_many_paths, serial_shops,
          shop_fountains, uniq_menkaure, uniq_duvessa

Skill      XL: |  1  2  3  4  5  6  7 |
---------------+----------------------+-----
Axes           | 4 5 6 8 |  8.1
Fighting       | 4 5 6 |  6.1
Armour         | 3 4 5 |  5.5
Dodging        | 3 4 5 |  5.0

Action                   |  1- 3 |  4- 6 |  7- 9 || total
-------------------------+-------+-------+-------++-------
Melee: Hand axe          |    95 |    39 |       ||   134
       Headbutt          |    11 |    12 |    16 ||    39
       Punch             |     2 |     1 |       ||     3
       War axe           |       |    38 |    86 ||   124
Invok: Berserk           |       |     2 |     2 ||     4
       Trog's Hand       |       |     2 |       ||     2
  Use: Scroll            |     7 |     2 |     4 ||    13
Armor: Animal skin       |     6 |       |       ||     6
       Ring mail         |    28 |    31 |     2 ||    61
       Scale mail        |       |       |    28 ||    28
Dodge: Dodged            |    66 |    55 |    40 ||   161
